 Dungeon Crawl Stone Soup version bcrawl-1.21.3 (webtiles) character file.

Game seed: 10042760590556130424

3150 funkygono the Destroyer (level 9, -4/51 HPs)
             Began as a Fairy Conjurer on Apr 9, 2020.
             Was an Initiate of Vehumet.
             Killed from afar by a gargoyle (18 damage)
             ... with a stone arrow
             ... on level 7 of the Dungeon on Apr 10, 2020.
             The game lasted 00:22:34 (6399 turns).

funkygono the Destroyer (Fairy Conjurer)            Turns: 6399, Time: 00:22:35

Health: -4/51      AC:  9    Str: 13    XL:     9   Next: 93%
Magic:  17/25      EV: 19    Int: 23    God:    Vehumet [......]
Gold:   420        SH: 12    Dex: 16    Spells: 2/29 levels left

rFire    . . .     SeeInvis .   z - +5 dagger "Onoschot" {holy, +Rage rPois Str+7 Dex+4}
rCold    . . .     Gourm    .   v - +1 buckler (curse)
rNeg     + . .     Faith    .   (armour unavailable)
rPois    +         Spirit   .   l - +1 hat
rElec    .         Reflect  .   q - +0 cloak
rCorr    .         Harm     .   (no gloves)
MR       .....                  (no boots)
Stlth    +.........             (no amulet)
HPRegen  0.17/turn              i - ring of positive energy
MPRegen  0.19/turn              t - +1 ring of protection

@: flying evasively
A: small, magic attunement, unstealthy, unfitting armour, able to fly, AC/SH +6
a: Stop Flying, Renounce Religion, Evoke Berserk Rage


You were on level 7 of the Dungeon.
You worshipped Vehumet.
Vehumet was noncommittal.
You were not hungry.

You visited 1 branch of the dungeon, and saw 7 of its levels.

You collected 420 gold pieces.

Inventory:

Hand Weapons
 h - a +2 dagger
 k - a +2 dagger of draining
 p - a +2 quarterstaff of chaos
 u - a +3 dagger
 z - the +5 dagger "Onoschot" (weapon) {holy, +Rage rPois Str+7 Dex+4}
   (You found it on level 6 of the Dungeon)

   It has been blessed by the Shining One to cause great damage to the undead
   and demons.
   It affects your strength (+7).
   It affects your dexterity (+4).
   It protects you from poison.
   It lets you go berserk.
Missiles
 c - 1983 stones (quivered)
 C - a throwing net {!f}
Armour
 l - a +1 hat (worn)
 q - a +0 cloak (worn)
 v - a cursed +1 buckler (worn)
 w - a +0 helmet
Jewellery
 i - a ring of positive energy (left hand)
 t - a +1 ring of protection (right hand)
Wands
 B - a wand of polymorph (11)
Scrolls
 f - 3 scrolls of teleportation
 n - 4 scrolls of remove curse
 x - 2 scrolls of fear
 y - a scroll of amnesia
Potions
 a - a potion of degeneration
 b - a potion of magic
 d - 6 potions of curing
 g - a potion of brilliance
 m - a potion of berserk rage
 o - 2 potions of heal wounds
 r - 2 potions of might
 s - a potion of flight
 A - a potion of resistance {unknown}
 D - a potion of ambrosia {unknown}
Comestibles
 e - 14 rations {!d}
 j - 9 chunks of flesh


   Skills:
 + Level 5.4 Dodging
 + Level 3.4 Stealth
 + Level 2.6 Shields
 + Level 10.6 Spellcasting
 + Level 10.9 Conjurations
 * Level 0.8 Fire Magic
 * Level 1.3 Air Magic
 * Level 0.7 Earth Magic
 * Level 1.6 Poison Magic


You had 2 spell levels left.
You knew the following spells:

 Your Spells              Type           Power        Failure   Level  Hunger
a - Magic Dart            Conj           ####         1%          1    None
b - Searing Ray           Conj           ######..     1%          2    None
c - Iskenderun's Mystic   Conj           ######..     1%          3    None
d - Sandblast             Erth           ###...       5%          1    None
e - Fulminant Prism       Conj/Hex       #####.....   8%          4    None
f - Conjure Flame         Conj/Fire      #####...     1%          3    None
g - Mephitic Cloud        Conj/Pois/Air  ####....     3%          3    None
h - Sting                 Conj/Pois      ####         1%          1    None
i - Ignite Poison         Fire/Tmut/Pois ###.....     16%         3    None
j - Poison Arrow          Conj/Pois      #####.....   63%         6    None

Your spell library contained the following spells:

 Spells                   Type           Power        Failure   Level  Hunger
 Blink                    Tloc           N/A          11%         2    None
 Call Imp                 Summ           ##....       11%         2    None
 Spider Form              Tmut/Pois      ###          16%         3    None
 Irradiate                Conj/Tmut      #####.....   21%         5    None


Dungeon Overview and Level Annotations

Branches:
Dungeon (7/12)             Temple (0/1) D:7
   Lair: D:7-9

Altars:
Cheibriados
Dithmenos
Elyvilon
Fedhas
Qazlal
Ru
Sif Muna
Vehumet
Xom
Yredelemnul
The Shining One

Shops:
D:6 (   D:7 *


Innate Abilities, Weirdness & Mutations

Your spells do not cause hunger and MP costs are reduced by 1.
Your bright wings attract enemies. (Stealth-)
You cannot fit into any form of body armour.
Your shimmering scales are hard and can block incoming attacks. (AC +6, SH +6)
You are small and have problems with some larger weapons.
You can fly continuously.


Message History

Press: ? - help, Shift-Dir - straight line, f - gargoyle
Aim: a gargoyle, wielding a +0 mace The searing ray hits the gargoyle but does no damage. (Press . to maintain the ray.)
The searing ray hits the gargoyle but does no damage.
The searing ray hits the gargoyle but does no damage.
The gargoyle hurls a stone arrow at you.
The stone arrow hits you!
The searing ray hits the gargoyle!
The gargoyle is moderately damaged.
The searing ray hits the gargoyle.
The gargoyle is heavily damaged.
The gargoyle hurls a stone arrow at you.
The stone arrow hits you!!
* * * LOW HITPOINT WARNING * * *
The searing ray hits the gargoyle!
The gargoyle is almost destroyed.
The gargoyle hurls a stone arrow at you.
The stone arrow hits you!!
You die...

##.#####8. ......# ##.##.#
#### #.##.#.## #...
##........ #..# ..........
#..# .######.#. #..# .#### #
# #.9# ....# .# #.@######
....# ..# #.......#
....####...####..####.#
..<...)..........# #.#
.....###...####..####.####.#
.................รท.........#
.#######....###.############
.# .# #.# .# # #.#


You could see a gargoyle.

Vanquished Creatures
  Pikel (D:5)
  Prince Ribbit (D:5)
  Sigmund (D:3)
  A hungry ghost (D:7)
  Menkaure (D:5)
  A phantom (D:4)
  A sky beast (D:5)
  3 slaves
  An orc warrior (D:6)
  3 ice beasts
  2 centaurs
  A big kobold (D:7)
  4 wights (D:6)
  A howler monkey (D:7)
  2 crimson imps
  4 orc priests
  4 hounds
  A jelly (D:7)
  Crazy Yiuf (D:3)
  3 iguanas
  Ijyb (D:5)
  Terence (D:3)
  4 worker ants
  8 orc wizards
  A howler monkey zombie (D:6)
  Robin (D:3)
  A gnoll (D:2)
  9 adders
  A shadow imp (D:5)
  An adder zombie (D:5)
  2 worms
  5 dart slugs
  4 leopard geckos
  27 orcs
  10 bats
  A giant cockroach (D:2)
  15 goblins
  13 hobgoblins
  7 jackals
  12 kobolds
  7 quokkas
  5 frilled lizards
  A jackal skeleton (D:4)
  12 rats
186 creatures vanquished.

Vanquished Creatures (others)
  A slave (D:5)
  An orc priest (D:5)
  An orc wizard (D:3)
3 creatures vanquished.

Grand Total: 189 creatures vanquished

Notes
Turn   | Place    | Note
-------+----------+-------------------------------------------
     0 | D:1      | funkygono the Fairy Conjurer began the quest for the Orb.
     0 | D:1      | Reached XP level 1. HP: 11/11 MP: 6/6
   110 | D:1      | Reached skill level 5 in Conjurations
   146 | D:1      | Reached XP level 2. HP: 17/17 MP: 7/7
   168 | D:1      | Learned a level 2 spell: Searing Ray
   431 | D:1      | Reached XP level 3. HP: 20/21 MP: 9/9
   503 | D:1      | Learned a level 3 spell: Iskenderun's Mystic Blast
  1289 | D:2      | Found a shimmering altar of Xom.
  1290 | D:2      | Found a shimmering altar of Xom.
  1291 | D:2      | Found a shimmering altar of Xom.
  1291 | D:2      | Found a shimmering altar of Xom.
  1336 | D:2      | Found a shimmering altar of Xom.
  1336 | D:2      | Found a shimmering altar of Xom.
  1337 | D:2      | Found a shimmering altar of Xom.
  1466 | D:2      | Reached XP level 4. HP: 27/27 MP: 11/11
  1811 | D:3      | Reached XP level 5. HP: 24/31 MP: 8/13
  1961 | D:3      | Noticed Terence
  1979 | D:3      | Killed Terence
  2218 | D:3      | Found a shimmering blue altar of Sif Muna.
  2228 | D:3      | Reached skill level 5 in Spellcasting
  2228 | D:3      | Reached XP level 6. HP: 36/36 MP: 8/15
  2254 | D:3      | Identified Sif Muna's Almanac of the Rocks
  2357 | D:3      | Found a runed door.
  2361 | D:3      | Noticed Crazy Yiuf
  2365 | D:3      | Killed Crazy Yiuf
  2974 | D:3      | Noticed Robin
  2989 | D:3      | Killed Robin
  3056 | D:3      | Noticed Sigmund
  3062 | D:3      | Killed Sigmund
  3062 | D:3      | Reached XP level 7. HP: 39/41 MP: 11/18
  3213 | D:3      | Learned a level 1 spell: Sandblast
  3218 | D:3      | Learned a level 4 spell: Fulminant Prism
  3433 | D:4      | Reached XP level 8. HP: 43/46 MP: 11/20
  3622 | D:4      | Found a sacrificial altar of Ru.
  3626 | D:4      | Found a glowing golden altar of the Shining One.
  3796 | D:4      | Found a shadowy altar of Dithmenos.
  4018 | D:5      | Entered Level 5 of the Dungeon
  4018 | D:5      | Noticed Pikel
  4151 | D:5      | Noticed Ijyb
  4161 | D:5      | Killed Ijyb
  4334 | D:5      | Found a blossoming altar of Fedhas.
  4462 | D:5      | Noticed Prince Ribbit
  4468 | D:5      | Killed Prince Ribbit
  4503 | D:5      | Noticed Menkaure
  4529 | D:5      | Reached skill level 1 in Shields
  4539 | D:5      | Killed Menkaure
  4539 | D:5      | Reached skill level 5 in Dodging
  4778 | D:5      | Killed Pikel
  4778 | D:5      | Reached skill level 10 in Conjurations
  4778 | D:5      | Reached XP level 9. HP: 51/51 MP: 14/24
  4823 | D:5      | Found a white marble altar of Elyvilon.
  5011 | D:5      | Found a basalt altar of Yredelemnul.
  5372 | D:6      | Found a stormy altar of Qazlal.
  5469 | D:6      | Got an iridescent dagger
  5470 | D:6      | Identified the +5 dagger "Onoschot" {holy, +Rage rPois
                  | Str+7 Dex+4} (You found it on level 6 of the Dungeon)
  5481 | D:6      | Found a radiant altar of Vehumet.
  5507 | D:6      | Became a worshipper of Vehumet
  5524 | D:6      | Learned a level 3 spell: Conjure Flame
  5528 | D:6      | Learned a level 3 spell: Mephitic Cloud
  5655 | D:6      | Reached skill level 10 in Spellcasting
  5668 | D:6      | Found Afaaxkup's Antique Weapon Shoppe.
  6085 | D:7      | Found a staircase to the Ecumenical Temple.
  6144 | D:7      | Found a snail-covered altar of Cheibriados.
  6159 | D:7      | Reached skill level 1 in Poison Magic
  6205 | D:7      | Identified Sif Muna's Tome of Poison
  6275 | D:7      | Found Yquzal Yqibb's Assorted Antiques.
  6278 | D:7      | Learned a level 1 spell: Sting
  6282 | D:7      | Learned a level 3 spell: Ignite Poison
  6289 | D:7      | Learned a level 6 spell: Poison Arrow
  6325 | D:7      | Reached skill level 1 in Air Magic
  6393 | D:7      | Noticed a gargoyle
  6399 | D:7      | Killed from afar by a gargoyle

Skill      XL: |  1  2  3  4  5  6  7  8  9 |
---------------+----------------------------+-----
Conjurations   | 5 6 7 8 10 | 10.9
Spellcasting   | 3 4 5 6 7 9 10 | 10.6
Dodging        | 3 5 |  5.4
Stealth        | 2 3 |  3.4
Shields        | 1 2 |  2.6
Poison Magic   | 1 |  1.6
Air Magic      | 1 |  1.3
Fire Magic     | |  0.8
Earth Magic    | |  0.7

Action                   |  1- 3 |  4- 6 |  7- 9 || total
-------------------------+-------+-------+-------++-------
 Cast: Magic Dart        |    71 |    72 |   104 ||   247
       Searing Ray       |     4 |    19 |    34 ||    57
       Iskenderun's Myst |       |    12 |    26 ||    38
       Mephitic Cloud    |       |       |     5 ||     5
       Sandblast         |       |       |     3 ||     3
       Conjure Flame     |       |       |     2 ||     2
       Sting             |       |       |     1 ||     1
       Ignite Poison     |       |       |     1 ||     1
  Use: Scroll            |     3 |     6 |     7 ||    16
  Eat: Chunk             |     1 |     5 |    11 ||    17
Armor: Skin              |       |     5 |    14 ||    19
Dodge: Dodged            |    14 |    18 |    29 ||    61
Block: Other             |     4 |     6 |     4 ||    14
       Buckler           |       |       |    14 ||    14
